 Dungeon Crawl Stone Soup version 0.28-a0-1429-gf3d713df7a (webtiles) character file.

Game seed: 4832431146834037481

3311 backslashecho the Cleaver (level 9, -1/83 HPs)
             Began as a Minotaur Cinder Acolyte on Jan 9, 2022.
             Was a High Priest of Ignis.
             Slain by Joseph (18 damage)
             ... on level 8 of the Dungeon.
             The game lasted 00:14:04 (11446 turns).

backslashecho the Cleaver (MiCA)                   Turns: 11446, Time: 00:14:04

Health: -1/83      AC: 10    Str: 28    XL:     9   Next: 70%
Magic:  9/9        EV:  7    Int: 11    God:    Ignis [*****.]
Gold:   55         SH:  0    Dex:  7    Spells: 10/10 levels left

rFire   + . .      SeeInvis .   a - +0 broad axe
rCold   . . .      Faith    .   (no shield)
rNeg    + . .      Spirit   .   h - +0 plate armour
rPois   .          Reflect  .   (helmet restricted)
rElec   .          Harm     .   (no cloak)
rCorr   .          Rampage  .   (no gloves)
Will    .....                   (no boots)
Stlth   ..........              (no amulet)
HPRegen 0.23/turn               n - ring of positive energy
MPRegen 0.11/turn               r - +6 ring of strength

@: invisible
A: horns 2, retaliatory headbutt
a: Renounce Religion, Fiery Armour, Foxfire Swarm, Rising Flame


You were on level 8 of the Dungeon.
You worshipped Ignis.
Ignis was extremely pleased with you.
You visited 2 branches of the dungeon, and saw 9 of its levels.

You collected 295 gold pieces.
You spent 240 gold pieces at shops.

Inventory:

Hand Weapons
 a - a +0 broad axe (weapon)
 b - a -1 hand axe of flaming
Missiles
 f - 12 poisoned darts (quivered)
Armour
 d - a +0 tower shield
 h - a +0 plate armour (worn)
Jewellery
 n - a ring of positive energy (left hand)
 r - a +6 ring of strength (right hand)
 v - a ring of poison resistance
Wands
 k - a wand of acid (4)
 s - a wand of polymorph (10)
Scrolls
 c - a scroll of teleportation
 q - a scroll of immolation
Potions
 e - a potion of degeneration {unknown}
 g - 5 potions of heal wounds
 j - 2 potions of ambrosia
 l - a potion of resistance {unknown}
 m - a potion of haste {unknown}
 o - 2 potions of curing
 p - a potion of mutation
 t - 2 potions of cancellation {unknown}


   Skills:
 - Level 9.0 Fighting
 * Level 14.5 Axes
 - Level 1.0 Spellcasting
 - Level 2.1 Fire Magic


You had 10 spell levels left.
You didn't know any spells.
Your spell library contained the following spells:

 Spells                   Type           Power      Damage    Failure   Level
 Scorch                   Fire           10%        2d5       96%         2
 Beastly Appendage        Tmut           0%         N/A       99%         1
 Freeze                   Ice            0%         1d3       99%         1
 Ensorcelled Hibernation  Hex/Ice        0%         N/A       100%        2
 Wereblood                Tmut           0%         N/A       100%        2
 Frozen Ramparts          Ice            0%         1d2       100%        3
 Ignite Poison            Fire/Tmut/Pois 2%         N/A       100%        3
 Mephitic Cloud           Conj/Pois/Air  0%         N/A       100%        3
 Spider Form              Tmut/Pois      0%         N/A       100%        3
 Tukima's Dance           Hex            0%         N/A       100%        3
 Hailstorm                Conj/Ice       0%         3d3       100%        4
 Freezing Cloud           Conj/Ice/Air   0%         6-21      100%        5
 Enfeeble                 Hex            0%         N/A       100%        7


Dungeon Overview and Level Annotations

Branches:
Dungeon (8/15)             Temple (1/1) D:4            Lair (0/6) D:8

Altars:
Ashenzari
Cheibriados
Dithmenos
Elyvilon
Fedhas
Gozag
Hepliaklqana
Kikubaaqudgha
Makhleb
Nemelex Xobeh
Okawaru
Qazlal
Ru
Sif Muna
Trog
Uskayaw
Vehumet
Wu Jian
Xom
Yredelemnul
Zin
The Shining One

Shops:
D:5 !   D:7 ?

Annotations:
D:5 arrow
D:8 Joseph


Innate Abilities, Weirdness & Mutations

You have a pair of horns on your head.
You reflexively headbutt those who attack you in melee.


Message History

You take 15 damage, and have 42/83 hp.
You barely miss Joseph.
Joseph is lightly wounded.
Joseph hits you with a +0 war axe!
You take 8 damage, and have 34/83 hp.
You barely miss Joseph.
Joseph is lightly wounded.
Joseph hits you with a +0 war axe!
* * * LOW HITPOINT WARNING * * *
You take 12 damage, and have 22/83 hp.
You feel much better.
Joseph looks more healthy.
Joseph barely misses you. You furiously retaliate!
You headbutt Joseph!
You regained 15 hp, and now have 37/83 hp.
Okay, then.
Unknown command.
Press: ? - help, v - describe, . - travel, g - get item
Here: Joseph, wielding a +0 war axe, wearing a +0 leather armour and quivering sling bullets (moderately wounded) Item here: 3 poisoned darts.
The floor.
You fade into invisibility!
Joseph hits you with a +0 war axe.
You take 6 damage, and have 31/83 hp.
You hit Joseph but do no damage.
Joseph is moderately wounded.
You slash Joseph! You headbutt Joseph.
Joseph is heavily wounded.
Joseph hits you with a +0 war axe.
You take 5 damage, and have 26/83 hp.
You barely miss Joseph. Your headbutt misses Joseph.
Joseph is heavily wounded.
Joseph hits you with a +0 war axe!
* * * LOW HITPOINT WARNING * * *
You take 9 damage, and have 17/83 hp.
You barely miss Joseph. You headbutt Joseph!
Joseph is severely wounded.
Joseph hits you but does no damage.
You barely miss Joseph. Your headbutt misses Joseph.
Joseph is severely wounded.
Joseph hits you with a +0 war axe!!
You die...

........###..
.........#.......
................# ##
........ .....###.##
......#..........## .
#..##............###
.... #.##.......# #.....
#....#@.#.......# #.....
#....(.@........###.....
###
##...##.........##...##.
#<# #...
#.#...........###. #†..#
.... ####......##.## #.
#.⌠.#
##.....#....#.....#..#
#. #...#
##.........#........###.
##..#
#...#......#.....###...
###. ##....###...###....
. #....####.######..


You could see Joseph.

Vanquished Creatures
  Prince Ribbit (D:5)
  A wyvern (D:7)
  A steam dragon (D:8)
  4 yaks (D:4)
  2 wargs (D:8)
  A water moccasin (D:8)
  Duvessa (D:7)
  2 orc warriors
  A sky beast (D:8)
  An ogre (D:5)
  A centaur (D:7)
  A phantom (D:5)
  A wyvern zombie (D:6)
  A scorpion (D:5)
  Dowan (D:7)
  6 howler monkeys
  A hound (D:6)
  7 orc priests
  Ijyb (D:5)
  4 iguanas
  12 orc wizards
  A killer bee zombie (D:7)
  A hound zombie (D:5)
  A hound skeleton (D:4)
  A howler monkey skeleton (D:7)
  8 gnolls
  5 adders
  A worm (D:5)
  3 dart slugs
  15 orcs
  6 ball pythons
  5 endoplasms
  A giant cockroach (D:3)
  9 goblins
  3 hobgoblins
  2 jackals (D:4)
  4 kobolds
  2 quokkas
  5 bats
  5 frilled lizards
  6 rats
135 creatures vanquished.

Vanquished Creatures (others)
  An orc wizard (D:8)
  An orc (D:8)
2 creatures vanquished.

Grand Total: 137 creatures vanquished

Notes
Turn   | Place    | Note
-------+----------+-------------------------------------------
     0 | D:1      | backslashecho the Minotaur Cinder Acolyte began the quest
                  | for the Orb.
     0 | D:1      | Reached XP level 1. HP: 19/19 MP: 1/1
   252 | D:1      | Reached skill level 4 in Axes
   380 | D:1      | Reached XP level 2. HP: 26/27 MP: 2/2
  1286 | D:2      | Reached XP level 3. HP: 16/33 MP: 3/3
  2124 | D:3      | Reached skill level 5 in Axes
  2321 | D:3      | Reached XP level 4. HP: 31/41 MP: 4/4
  2840 | D:3      | Found a faded altar of an unknown god.
  3211 | D:4      | Reached skill level 6 in Axes
  3368 | D:4      | Found a staircase to the Ecumenical Temple.
  3383 | Temple   | Entered the Ecumenical Temple
  3775 | D:4      | Reached skill level 5 in Fighting
  3775 | D:4      | Reached XP level 5. HP: 12/48 MP: 5/5
  4076 | D:4      | Noticed an ogre
  4371 | D:5      | Entered Level 5 of the Dungeon
  4575 | D:5      | Noticed a yak
  4576 | D:5      | Noticed a yak
  4577 | D:5      | Noticed a yak
  4585 | D:4      | Killed a yak
  4586 | D:4      | Reached skill level 7 in Axes
  4586 | D:4      | Reached XP level 6. HP: 44/57 MP: 6/6
  4651 | D:5      | Noticed a yak
  4669 | D:4      | Killed a yak
  4670 | D:4      | Reached skill level 8 in Axes
  4670 | D:4      | Reached XP level 7. HP: 18/63 MP: 7/7
  5137 | D:4      | Killed a yak
  5480 | D:4      | Killed a yak
  5481 | D:4      | Reached skill level 9 in Axes
  6378 | D:5      | Noticed Ijyb
  6385 | D:5      | Killed Ijyb
  6454 | D:5      | Reached XP level 8. HP: 71/73 MP: 8/8
  6583 | D:5      | Found Awamesm's Distillery.
  6584 | D:5      | Bought a potion of curing for 36 gold pieces
  6584 | D:5      | Bought a potion of mutation for 96 gold pieces
  6584 | D:5      | Bought a potion of heal wounds for 60 gold pieces
  6624 | D:5      | Reached skill level 10 in Axes
  6813 | D:5      | Noticed Prince Ribbit
  6849 | D:5      | Killed Prince Ribbit
  7266 | D:5      | Reached skill level 11 in Axes
  9302 | D:7      | Reached XP level 9. HP: 79/82 MP: 9/9
  9322 | D:7      | Found a shimmering altar of Xom.
  9325 | D:7      | Reached skill level 12 in Axes
  9373 | D:7      | Noticed Duvessa
  9374 | D:7      | Noticed Dowan
  9383 | D:7      | Killed Duvessa
  9388 | D:7      | Killed Dowan
 10507 | D:7      | Reached skill level 13 in Axes
 10816 | D:7      | Found Tubea's Magic Scroll Emporium.
 10824 | D:7      | Bought a scroll of identify for 24 gold pieces
 10824 | D:7      | Bought a scroll of identify for 24 gold pieces
 11270 | D:8      | Found a staircase to the Lair.
 11286 | D:8      | Reached skill level 14 in Axes
 11427 | D:8      | Noticed Joseph
 11446 | D:8      | Slain by Joseph

Illustrated notes

Levels and vault maps discovered:
D:1:      nicolae_arrival_memento_mori, layout_basic, lemuel_flame_loot_1
D:2:      layout_loops_cross, kennysheep_cross_bottleneck
D:3:      layout_loops_ring, shapermc_ecumenical_altar_starsandcircs
D:4:      layout_loops_ring, temple_pool_b
D:5:      layout_basic, serial_shops, nicolae_shop_advertising_works
          [nicolae_subvault_shop_adworks], uniq_ijyb, uniq_prince_ribbit1
D:6:      layout_cave_pods
D:7:      layout_loops_corners, mainiacjoe_overflow_catwalk, serial_shops, shop,
          uniq_duvessa
D:8:      layout_cave_pools, erik_lair_orcish_takeover, grunt_ministairs_4,
          minmay_shop_enchanted_jewellery, st_stairs_13, uniq_joseph
Temple:   kilobyte_greek_temple

Skill      XL: |  1  2  3  4  5  6  7  8  9 |
---------------+----------------------------+-----
Axes           | 4 5 6 7 8 9 11 14 | 14.5
Fighting       | 4 5 6 7 8 9 |  9.0
Spellcasting   | |  1.0
Fire Magic     | |  2.1

Action                   |  1- 3 |  4- 6 |  7- 9 || total
-------------------------+-------+-------+-------++-------
Melee: Hand axe          |   107 |   113 |   168 ||   388
       Headbutt          |     9 |    20 |    45 ||    74
       Punch             |     1 |     3 |     2 ||     6
       Broad axe         |       |       |   130 ||   130
Throw: Dart              |       |       |     3 ||     3
Evoke: Wand              |       |       |     5 ||     5
  Use: Scroll            |     2 |     4 |     4 ||    10
       Potion            |       |       |     2 ||     2
 Stab: Paralysed         |       |       |    15 ||    15
Armor: Scale mail        |    17 |       |       ||    17
       Plate armour      |    56 |    63 |   113 ||   232
Dodge: Dodged            |    31 |    38 |    65 ||   134

Table legend: (Time is in decaauts)
 A = Elapsed time spent in this place.
 B = Non-inter-level travel time spent in this place.
 C = Inter-level travel time spent in this place.
 D = Time resting spent in this place.
 E = Time spent auto-exploring this place.
 F = Levels seen in this place.
 G = Mean time per level.
                   A        B        C        D        E       F      G
               +--------+--------+--------+--------+--------+-----+--------+
         Total |  11442 |  10550 |    892 |   3621 |   5157 |   9 | 1271.3 |
       Dungeon |  11234 |  10379 |    855 |   3621 |   4991 |   8 | 1404.2 |
        Temple |    207 |    170 |     37 |      0 |    166 |   1 |  207.0 |
               +--------+--------+--------+--------+--------+-----+--------+

Top non-repeatable levels by time:
     D:4: 2041 daAuts
     D:7: 1932 daAuts
     D:5: 1843 daAuts
     D:3: 1716 daAuts
     D:1: 1365 daAuts
     D:6: 1346 daAuts
     D:2: 727 daAuts
     D:8: 261 daAuts
  Temple: 207 daAuts
